 Dungeon Crawl Stone Soup version 0.30-a0-728-gc68057be0a (webtiles) character file.

Game seed: 16358364361704555692

21864 DeathSun the Bludgeoner (level 12, -9/112 HPs)
             Began as a Minotaur Fighter on Jan 31, 2023.
             Was an Elder of Makhleb.
             Shot with an arrow by Nessos (11 damage)
             ... on level 12 of the Dungeon.
             The game lasted 00:27:15 (14015 turns).

DeathSun the Bludgeoner (Minotaur Fighter)         Turns: 14015, Time: 00:27:15

Health: -9/112     AC: 18    Str: 24    XL:     12   Next: 57%
Magic:  29/29      EV:  5    Int:  9    God:    Makhleb [****..]
Gold:   822        SH:  8    Dex: 12    Spells: 11/11 levels left

rFire   . . .      SeeInvis .    O - +4 morningstar (freeze)
rCold   . . .      Faith    .    M - +0 kite shield of Calculation {rN+ Will+ Int+2 Dex+2}
rNeg    + . .      Spirit   .    G - +0 plate armour
rPois   .          Reflect  .    (helmet restricted)
rElec   .          Harm     .    R - +2 cloak
rCorr   .          Rampage  .    (no gloves)
Will    +....                    J - +2 pair of boots Stlth
                                 p - amulet of regeneration
HPRegen 1.18/turn                o - ring of magical power
MPRegen 0.21/turn                (no ring)

@: lethally poisoned (-9 -> -30)
A: horns 2, retaliatory headbutt
a: Renounce Religion, Minor Destruction, Lesser Servant of Makhleb, Major
Destruction


You were on level 12 of the Dungeon.
You worshipped Makhleb.
Makhleb was greatly pleased with you.
You visited 1 branch of the dungeon, and saw 12 of its levels.

You collected 822 gold pieces.

Inventory:

Hand Weapons
 a - a +0 flail
 O - a +4 morningstar of freezing (weapon)
Missiles
 A - 7 poisoned darts
 H - 5 atropa-tipped darts
 T - 2 throwing nets
Armour
 b - a +0 scale mail
 c - a +0 buckler
 m - a +0 cloak
 G - a +0 plate armour (worn)
 I - a +0 pair of boots
 J - a +2 pair of boots (worn)
 M - the +0 kite shield of Calculation (worn) {rN+ Will+ Int+2 Dex+2}
   (You found it on level 8 of the Dungeon)

   Int:       It affects your intelligence (+2).
   Dex:       It affects your dexterity (+2).
   rN:        It protects you from negative energy.
   Will:      It increases your willpower.
 R - a +2 cloak (worn)
Jewellery
 o - a ring of magical power (left hand)
 p - an amulet of regeneration (around neck)
 z - a ring of ice
 Q - a ring of fire
 W - a ring of ice
 Z - a +5 ring of evasion
Wands
 g - a wand of flame (14)
 w - a wand of roots (9)
 C - a wand of polymorph (3)
 E - a wand of paralysis (21)
 L - a wand of mindburst (32)
 S - a wand of acid (4)
Scrolls
 h - 6 scrolls of poison
 i - a scroll of immolation
 j - 4 scrolls of teleportation
 r - 3 scrolls of noise
 t - 2 scrolls of blinking
 v - 4 scrolls of amnesia
 y - 4 scrolls of enchant armour {unknown}
 B - 4 scrolls of magic mapping {unknown}
 D - 3 scrolls of vulnerability {unknown}
 F - a scroll of torment {unknown}
 N - 2 scrolls of fear
 X - a scroll of enchant weapon
 Y - a scroll of identify
Potions
 d - 5 potions of might
 e - a potion of ambrosia
 f - 3 potions of curing
 k - 4 potions of flight {unknown}
 l - a potion of invisibility
 n - 2 potions of brilliance {unknown}
 q - a potion of cancellation {unknown}
 s - 2 potions of resistance
 u - 3 potions of degeneration {unknown}
 x - 4 potions of mutation {unknown}
 K - a potion of heal wounds {unknown}
 P - a potion of magic {unknown}
 U - 2 potions of attraction {unknown}
 V - a potion of lignification {unknown}


   Skills:
 * Level 12.3 Fighting
 + Level 15.7 Maces & Flails
 - Level 5.0 Armour
 - Level 3.6 Shields
 * Level 13.1 Invocations


You had 11 spell levels left.
You didn't know any spells.
Your spell library contained the following spells:

 Spells                   Type           Power      Damage    Failure   Level
 Foxfire                  Conj/Fire      0%         2x1d4     100%        1
 Magic Dart               Conj           0%         1d3       100%        1
 Necrotise                Necr           0%         1d4       100%        1
 Sting                    Tmut/Pois      0%         1d3       100%        1
 Call Imp                 Summ           0%         N/A       100%        2
 Poisonous Vapours        Pois/Air       0%         N/A       100%        2
 Mephitic Cloud           Conj/Pois/Air  0%         N/A       100%        3
 Vampiric Draining        Necr           0%         2d6       100%        3
 Olgreb's Toxic Radiance  Pois           0%         N/A       100%        4
 Passage of Golubria      Tloc           0%         N/A       100%        4
 Summon Ice Beast         Ice/Summ       0%         N/A       100%        4
 Agony                    Necr           0%         N/A       100%        5
 Fireball                 Conj/Fire      0%         3d3       100%        5
 Iskenderun's Battlesphe  Conj           0%         2d6       100%        5
 Silence                  Hex/Air        0%         N/A       100%        5
 Summon Mana Viper        Hex/Summ       0%         N/A       100%        5
 Iron Shot                Conj/Erth      0%         9d1       100%        6
 Starburst                Conj/Fire      0%         6d3       100%        6
 Monstrous Menagerie      Summ           0%         N/A       100%        7
 Spellforged Servitor     Conj/Summ      0%         N/A       100%        7
 Lehudib's Crystal Spear  Conj/Erth      0%         10d2      100%        8


Dungeon Overview and Level Annotations

Branches:
Dungeon (12/15)            Temple (0/1) D:6            Lair (0/5) D:11
    Orc (0/2) D:12

Altars:
Ashenzari
Dithmenos
Elyvilon
Fedhas
Gozag
Hepliaklqana
Kikubaaqudgha
Makhleb
Qazlal
Ru
Sif Muna
Trog
Xom
Yredelemnul
Zin
The Shining One

Shops:
D:4 [   D:8 =   D:9 [   D:10 *   D:12 [

Annotations:
D:9 3 runed translucent doors, Regoshi's ghost, novice DsGl
D:12 Nessos


Innate Abilities, Weirdness & Mutations

You have a pair of horns on your head.
You reflexively headbutt those who attack you in melee.


Message History

Aiming: Minor Destruction (0% risk of failure)
Press: ? - help, Q - select action, (/) - cycle Shift-Dir - straight line, f/p - Nessos
Aim: Nessos, wielding a +2 longbow of flaming and wearing a +0 barding (moderately wounded, ally target) Nessos writhes in agony!
You feel very sick.
Nessos gestures wildly while chanting.
Nessos seems to speed up.
You feel very sick.
Nessos gestures wildly while chanting.
Nessos blinks!
Nessos shoots an arrow.
You block the arrow.
Aiming: Minor Destruction (0% risk of failure)
Press: ? - help, Q - select action, (/) - cycle Shift-Dir - straight line, f/p - Nessos
Aim: Nessos, wielding a +2 longbow of flaming and wearing a +0 barding (moderately wounded, fast, ally target)
The stone arrow misses Nessos.
You feel very sick.
Nessos shoots an arrow.
You block the arrow.
Nessos gestures wildly while chanting.
Nessos blinks!
A demon appears!
You feel very sick.
Nessos casts a spell.
Nessos blinks!
You can't see any hostile targets in range.
You feel sick.
Nessos shoots an arrow.
The arrow hits you! The arrow burns you.
You feel sick.
Nessos shoots an arrow.
The arrow hits you! The arrow burns you!
You are more poisoned.
* * * LOW HITPOINT WARNING * * *
You feel very sick.
Nessos shoots an arrow.
The arrow hits your hellwing!! The arrow burns your hellwing.
Nessos casts a spell.
Nessos blinks!
You feel very sick.
Nessos shoots an arrow.
The arrow hits you!
* * * LOW HITPOINT WARNING * * *
The arrow burns you.
You are more poisoned.
* * * LOW HITPOINT WARNING * * *
Nessos shoots an arrow.
The arrow hits you!
You die...

###.................# ##
####.(........##### ###.
#####.###### ###... #..#
##..... ##.## #......
#..# #...... #..###
##...... ##....###
#.......
#####@.##...###.......
###......#####..........
#...........####........
#..............####......
##......4.......# #......
.................#
##.....
....c...4..ยง<....#
#..... ..##..............
##.... . #..............
#....


You could see Nessos (fast, ally target) and 2 friendly hellwings.

Vanquished Creatures
  Harold (D:9)
  A centaur warrior (D:9)
  6 two-headed ogres
  A tengu warrior (D:10)
  Nergalle (D:10)
  Pikel (D:7)
  3 deep elf pyromancers (D:11)
  5 deep elf zephyrmancers (D:11)
  2 cyclopes (D:11)
  A manticore (D:12)
  2 gargoyles
  2 unseen horrors
  2 kobold demonologists (D:9)
  2 trolls
  A hornet (D:8)
  Grinder (D:3)
  3 shadows
  11 yaks
  5 steam dragons
  9 vampire mosquitoes
  3 acid dragons
  3 orc warriors
  5 black bears
  3 ogres
  7 centaurs
  A kobold brigand (D:8)
  2 phantoms
  2 bullfrogs
  A necrophage (D:5)
  4 scorpions (D:4)
  5 wights
  11 killer bees
  4 howler monkeys
  6 orc priests
  A jelly (D:4)
  A gnoll bouda (D:10)
  2 hounds
  3 iguanas
  13 orc wizards
  4 gnolls (D:2)
  6 adders
  2 shadow imps
  2 adder zombies (D:3)
  2 dart slugs
  39 orcs
  12 ball pythons
  7 endoplasms
  3 giant cockroaches
  8 hobgoblins
  3 jackals (D:1)
  3 quokkas
  9 bats
  3 frilled lizards
  10 goblins
  A goblin zombie (D:8)
  2 hobgoblin zombies (D:8)
  10 kobolds
  3 kobold skeletons (D:8)
  A kobold zombie (D:8)
  3 orc skeletons (D:8)
  3 orc zombies (D:8)
  8 rats
  A spectral orc (D:8)
282 creatures vanquished.

Vanquished Creatures (collateral kills)
  Sonja (D:10)
1 creature vanquished.

Vanquished Creatures (others)
  An orc wizard (D:6)
  An orc (D:5)
  13 plants
15 creatures vanquished.

Grand Total: 298 creatures vanquished

Notes
Turn   | Place    | Note
-------+----------+-------------------------------------------
     0 | D:1      | DeathSun the Minotaur Fighter began the quest for the Orb.
     0 | D:1      | Reached XP level 1. HP: 19/19 MP: 0/0
    52 | D:1      | Reached skill level 3 in Maces & Flails
   107 | D:1      | Reached XP level 2. HP: 21/26 MP: 1/1
   312 | D:1      | Reached skill level 4 in Maces & Flails
   391 | D:1      | Reached XP level 3. HP: 31/31 MP: 2/2
  1039 | D:2      | Reached skill level 5 in Maces & Flails
  1046 | D:2      | Reached XP level 4. HP: 15/39 MP: 3/3
  1882 | D:3      | Found a sacrificial altar of Ru.
  1912 | D:3      | Reached skill level 6 in Maces & Flails
  1946 | D:3      | Reached XP level 5. HP: 20/45 MP: 4/4
  2084 | D:3      | Noticed Grinder
  2103 | D:3      | Killed Grinder
  2104 | D:3      | Reached skill level 8 in Maces & Flails
  2104 | D:3      | Reached XP level 6. HP: 16/51 MP: 5/5
  2555 | D:3      | Found a faded altar of an unknown god.
  2944 | D:4      | Reached XP level 7. HP: 59/59 MP: 6/6
  2944 | D:4      | Found Jeoreru's Antique Armour Shoppe.
  2994 | D:4      | Found a burning altar of Makhleb.
  3006 | D:4      | Reached skill level 9 in Maces & Flails
  3214 | D:4      | Became a worshipper of Makhleb the Destroyer
  3334 | D:4      | Reached skill level 1 in Invocations
  3549 | D:4      | Found a white marble altar of Elyvilon.
  3689 | D:4      | Found an ancient bone altar of Kikubaaqudgha.
  3689 | D:4      | Found a blossoming altar of Fedhas.
  3690 | D:4      | Found a stormy altar of Qazlal.
  3693 | D:4      | Found a glowing silver altar of Zin.
  3694 | D:4      | Found an opulent altar of Gozag.
  3712 | D:5      | Entered Level 5 of the Dungeon
  3718 | D:5      | Noticed a steam dragon
  3963 | D:4      | Reached skill level 5 in Fighting
  4324 | D:5      | Killed a steam dragon
  4325 | D:5      | Reached skill level 10 in Maces & Flails
  4325 | D:5      | Reached XP level 8. HP: 25/68 MP: 9/9
  4772 | D:5      | Found a shadowy altar of Dithmenos.
  5039 | D:6      | Found a shimmering blue altar of Sif Muna.
  5119 | D:6      | Found a staircase to the Ecumenical Temple.
  5127 | D:6      | Reached * piety under Makhleb
  5243 | D:6      | Found a broken altar of Ashenzari.
  5319 | D:6      | Reached skill level 11 in Maces & Flails
  5319 | D:6      | Reached skill level 5 in Invocations
  5758 | D:6      | Reached skill level 5 in Armour
  5758 | D:6      | Reached XP level 9. HP: 73/74 MP: 12/12
  6090 | D:7      | Found a bloodstained altar of Trog.
  6157 | D:7      | Found a hazy altar of Hepliaklqana.
  6263 | D:7      | Noticed Pikel
  6390 | D:7      | Killed Pikel
  6391 | D:7      | Reached skill level 12 in Maces & Flails
  6768 | D:7      | Noticed a troll
  6785 | D:7      | Killed a troll
  7418 | D:8      | Found a glowing golden altar of the Shining One.
  7432 | D:8      | Reached ** piety under Makhleb
  7520 | D:8      | Noticed a two-headed ogre
  7552 | D:7      | Reached skill level 13 in Maces & Flails
  7799 | D:8      | Found Ivuk's Jewellery Shop.
  7845 | D:9      | Noticed a troll
  7855 | D:9      | Killed a troll
  8034 | D:9      | Noticed a two-headed ogre
  8035 | D:9      | Noticed Harold
  8101 | D:8      | Reached XP level 10. HP: 41/81 MP: 15/15
  8586 | D:9      | Found Fasuifu's Antique Armour Shoppe.
  8631 | D:9      | Found a runed translucent gate.
  8653 | D:9      | Noticed a two-headed ogre
  8661 | D:9      | Killed Harold
  9106 | D:8      | Identified the +0 kite shield of Calculation {rN+ Will+
                  | Int+2 Dex+2}
  9123 | D:8      | Paralysed by a hornet for 1 turns
  9130 | D:8      | HP: 4/81 [hornet (6)]
  9131 | D:8      | HP: 1/81 [poisoned by a hornet]
  9143 | D:8      | Reached skill level 14 in Maces & Flails
  9621 | D:8      | Killed a two-headed ogre
  9695 | D:8      | Found a basalt altar of Yredelemnul.
  9778 | D:9      | Killed a two-headed ogre
  9779 | D:9      | Reached skill level 10 in Invocations
  9984 | D:10     | Entered Level 10 of the Dungeon
 10000 | D:10     | Reached *** piety under Makhleb
 10216 | D:10     | Reached XP level 11. HP: 54/92 MP: 17/17
 10625 | D:9      | Identified the +0 plate armour "Ifen" {rElec rCorr Str+2
                  | Stlth+}
 10794 | D:9      | Killed a two-headed ogre
 10807 | D:9      | Found a runed translucent gate.
 10808 | D:9      | Found a runed translucent gate.
 11064 | D:9      | Noticed a sun demon
 11065 | D:9      | Noticed a soul eater
 11171 | D:9      | Noticed Regoshi's ghost (novice DsGl)
 11306 | D:9      | Noticed a centaur warrior
 11313 | D:9      | Killed a centaur warrior
 11600 | D:10     | Found a shimmering altar of Xom.
 11641 | D:10     | Found Peake's General Store.
 11668 | D:10     | Noticed Sonja
 11675 | D:10     | Killed Sonja
 11791 | D:10     | Noticed a tengu warrior
 11799 | D:10     | Killed a tengu warrior
 11993 | D:11     | Noticed Nergalle
 12000 | D:10     | Killed Nergalle
 12001 | D:10     | Reached skill level 15 in Maces & Flails
 12013 | D:11     | Reached skill level 10 in Fighting
 12130 | D:11     | Noticed a deep elf zephyrmancer
 12130 | D:11     | Noticed a deep elf pyromancer
 12130 | D:11     | Noticed a deep elf zephyrmancer
 12354 | D:10     | Noticed a two-headed ogre
 12361 | D:10     | Killed a two-headed ogre
 12636 | D:11     | Reached XP level 12. HP: 84/108 MP: 20/20
 12694 | D:11     | Found a staircase to the Lair.
 13069 | D:11     | Noticed a two-headed ogre
 13072 | D:11     | Killed a two-headed ogre
 13567 | D:12     | Found Gaqim's Armour Shoppe.
 13767 | D:12     | Reached **** piety under Makhleb
 13829 | D:12     | Found a staircase to the Orcish Mines.
 13840 | D:12     | Noticed a two-headed ogre
 13846 | D:12     | Killed a two-headed ogre
 14002 | D:12     | Noticed Nessos
 14015 | D:12     | HP: 2/112 [Nessos/arrow (5)]
 14015 | D:12     | Shot with an arrow by Nessos

Illustrated notes

Levels and vault maps discovered:
D:1:      zelgadis_glass_arrival_small, layout_basic,
          chequers_serial_rivers_micro_b
D:2:      layout_basic, amcnicky_mini_pool_small, ebering_dispersal_statue_hall,
          kennysheep_generic_room_5
D:3:      layout_basic, mainiacjoe_overflow_catwalk,
          ebering_ecumenical_altar_box, serial_undead, serial_undead_c,
          serial_undead_d, serial_undead_c, serial_undead_f, chequers_garden,
          grunt_ministairs_4, uniq_grinder
D:4:      minmay_chambers_of_fours, layout_cave_pools, marbit_many_paths,
          minitemple, bloody_makhleb, serial_shops, shop,
          kennysheep_generic_room_3
D:5:      layout_loops_cross, mainiacjoe_overflow_cross_hatched
D:6:      layout_rooms, mainiacjoe_overflow_alcove_2, lemuel_doored_altar,
          minmay_temple_entry_tees, kennysheep_big_empty_room
D:7:      layout_loops_cross, worldfamousw_hep_ancestral_shrine,
          kennysheep_little_box, uniq_pikel
D:8:      layout_cave_pools, nicolae_tso_besieged_by_evil,
          yredelemnul_forgotten_temple_becter, serial_shops, shop,
          hangedman_abyss_or_decor_stabs, minmay_increasing_density
D:9:      layout_gridville, serial_shops, nicolae_stop_n_shop_1,
          biasface_ghost_orc_armoury, uniq_harold
D:10:     cheibrodos_two_vegetables, layout_irregular_city,
          mainiacjoe_overflow_small_starburst, serial_shops, shop_coins,
          uniq_sonja
D:11:     layout_loops_ring, dpeg_oklobed_lair, elves_outpost_lemuel,
          uniq_nergalle
D:12:     layout_cave_pods, david_orc_3, serial_shops, nicolae_shop_crystal,
          minmay_microvault, uniq_nessos

Skill      XL: |  1  2  3  4  5  6  7  8  9 10 11 12 |
---------------+-------------------------------------+-----
Maces & Flails | 3 4 5 6 8 10 11 13 14 15 | 15.7
Fighting       | 4 5 7 10 12 | 12.3
Invocations    | 3 5 8 10 12 13 | 13.1
Armour         | 5 |  5.0
Shields        | |  3.6

Action                     |  1- 3 |  4- 6 |  7- 9 | 10-12 || total
---------------------------+-------+-------+-------+-------++-------
  Melee: Flail             |   104 |   109 |   370 |   114 ||   697
         Headbutt          |    10 |    16 |    76 |    63 ||   165
         Morningstar       |       |       |       |   262 ||   262
  Throw: Dart              |       |    10 |    26 |       ||    36
 Invoke: Minor Destruction |       |       |     1 |    72 ||    73
         Lesser Servant of |       |       |       |     7 ||     7
    Use: Potion            |       |     1 |     3 |     2 ||     6
         Scroll            |       |       |     8 |     7 ||    15
 Armour: Scale mail        |    50 |    47 |    41 |       ||   138
         Plate armour      |       |       |   169 |   288 ||   457
  Dodge: Dodged            |    50 |    33 |   113 |    76 ||   272
  Block: Buckler           |    25 |    22 |    89 |     4 ||   140
         Kite shield       |       |       |       |   139 ||   139

Table legend: (Time is in decaauts)
 A = Elapsed time spent in this place.
 B = Non-inter-level travel time spent in this place.
 C = Inter-level travel time spent in this place.
 D = Time resting spent in this place.
 E = Time spent auto-exploring this place.
 F = Levels seen in this place.
 G = Mean time per level.
                   A        B        C        D        E       F      G
               +--------+--------+--------+--------+--------+-----+--------+
         Total |  14048 |  13256 |    792 |      0 |  10136 |  12 | 1170.7 |
       Dungeon |  14048 |  13256 |    792 |      0 |  10136 |  12 | 1170.7 |
               +--------+--------+--------+--------+--------+-----+--------+

Top non-repeatable levels by time:
     D:7: 2029 daAuts
     D:9: 1595 daAuts
     D:8: 1372 daAuts
    D:10: 1344 daAuts
    D:11: 1176 daAuts
     D:4: 1106 daAuts
     D:6: 1067 daAuts
     D:5: 1037 daAuts
     D:2: 1036 daAuts
     D:3: 965 daAuts
     D:1: 876 daAuts
    D:12: 441 daAuts
